 Dungeon Crawl Stone Soup version 0.17.0-1-g61d176b (webtiles) character file.

3888 dysrexia the Destroyer (level 10, -10/37 HPs)
             Began as a Felid Venom Mage on Nov 8, 2015.
             Was the Champion of Sif Muna.
             Mangled by a yak (12 damage)
             ... on level 2 of the Lair of Beasts.
             The game lasted 01:48:17 (22643 turns).

dysrexia the Destroyer (Felid Venom Mage)          Turns: 22643, Time: 01:48:17

Health: -10/37     AC:  2    Str:  4    XL:     10   Next: 0%
Magic:  1/18       EV: 16    Int: 22    God:    Sif Muna [******]
Gold:   351        SH:  0    Dex: 17    Spells: 5 memorised, 1 level left
                                        Lives:  0   Deaths: 3

rFire  . . .     SeeInvis +     (weapon unavailable)
rCold  + . .     Clarity  +     (armour unavailable)
rNeg   . . .     SustAt   +     (shield unavailable)
rPois  .         Gourm    .     (helmet unavailable)
rElec  .         Spirit   .     (cloak unavailable)
rCorr  .         Warding  .     (gloves unavailable)
rMut   .         Stasis   .     (boots unavailable)
MR     +....                    q - amulet of clarity
Stlth  +++++.....               l - ring of sustain attributes
                                s - ring of protection from cold

@: quick, somewhat resistant to hostile enchantments, quite stealthy
A: no armour, no weapons or thrown items, claws 1, fangs 3, see invisible,
carnivore 3, clever 1, speed 1, low mp 1, shaggy fur 2, slow metabolism 1, spit
poison 1, sharp paws
a: Spit Poison, Channel Energy, Forget Spell, Renounce Religion


You were on level 2 of the Lair of Beasts.
You worshipped Sif Muna.
Sif Muna was exalted by your worship.
You were full.

You visited 2 branches of the dungeon, and saw 11 of its levels.

You collected 551 gold pieces.
You spent 200 gold pieces at shops.

Inventory:

Jewellery
 l - a ring of sustain attributes (right paw)
 q - an amulet of clarity (around neck)
 s - a ring of protection from cold (left paw)
 u - an uncursed ring of ice {unknown}
Wands
 h - a wand of teleportation (5)
 w - a wand of confusion (26)
 z - a wand of flame (15)
 A - a wand of fireball (6)
 E - a wand of draining (3)
Scrolls
 d - a scroll of magic mapping {unknown}
 e - 2 scrolls of immolation
 k - 2 scrolls of teleportation
 r - a scroll of recharging
 y - a scroll of amnesia
 B - a scroll of fog
 F - 3 scrolls of blinking {unknown}
Potions
 g - 2 potions of ambrosia
 i - a potion of poison {unknown}
 j - 2 potions of agility
 m - 5 potions of flight
 n - 2 potions of invisibility {unknown}
 o - 2 potions of haste
 p - 2 potions of magic
 C - a potion of mutation {unknown}
 D - a potion of curing
Books
 a - a Young Poisoner's Handbook

   Spells                             Type                      Level
   a - Sting                          Conjuration/Poison           1
   b - Cure Poison                    Poison                       2
   c - Mephitic Cloud                 Conjuration/Poison/Air       3
   d - Olgreb's Toxic Radiance        Poison                       4
   e - Venom Bolt                     Conjuration/Poison           5
 f - a book of Envenomations

   Spells                             Type                      Level
   a - Spider Form                    Transmutation/Poison         3
   b - Alistair's Intoxication        Transmutation/Poison         4
   c - Olgreb's Toxic Radiance        Poison                       4
   d - Poisonous Cloud                Conjuration/Poison/Air       6
 v - a Grand Grimoire

   Spells                             Type                      Level
   a - Monstrous Menagerie            Summoning                    6
   b - Summon Greater Demon           Summoning                    7
   c - Malign Gateway                 Summoning/Translocation      7
   d - Summon Horrible Things         Summoning                    8
 x - Sif Muna's Guide on Scorching Confrontation
   (Sif Muna gifted it to you on level 1 of the Lair of Beasts)

   Spells                             Type                      Level
   a - Flame Tongue                   Conjuration/Fire             1
   b - Throw Flame                    Conjuration/Fire             2
   c - Lightning Bolt                 Conjuration/Air              5
   d - Fireball                       Conjuration/Fire             5
   e - Orb of Destruction             Conjuration                  7
Comestibles
 b - 4 meat rations
 c - 2 royal jellies
 t - 6 beef jerkies


   Skills:
 - Level 5.9 Dodging
 + Level 7.3 Stealth
 * Level 6.4 Spellcasting
 - Level 10.2 Conjurations
 * Level 3.8 Air Magic
 - Level 8.4 Poison Magic


You had one spell level left.
You knew the following spells:

 Your Spells              Type           Power        Failure   Level  Hunger
a - Sting                 Conj/Pois      ####         1%          1    None
b - Mephitic Cloud        Conj/Pois/Air  #####...     1%          3    #......
c - Venom Bolt            Conj/Pois      #####.....   8%          5    #####..
d - Poisonous Cloud       Conj/Pois/Air  #####.....   67%         6    ######.
e - Lightning Bolt        Conj/Air       #####.....   14%         5    #####..


Dungeon Overview and Level Annotations

Branches:
Dungeon (9/15)             Temple (0/1) D:4            Lair (2/8) D:9
    Orc: D:9-12

Altars:
Ashenzari
Fedhas
Gozag
Kikubaaqudgha
Makhleb
Okawaru
Sif Muna
Zin

Shops:
D:9 *


Innate Abilities, Weirdness & Mutations

You cannot wear armour.
You are incapable of wielding weapons or throwing items.
You have sharp claws.
You have razor-sharp teeth.
You have supernaturally acute eyesight.
You are carnivorous and can eat meat at any time.
You cover ground quickly.
You are covered in thick fur (AC +2).
You have a slow metabolism.
Your sharp claws are effective at attacking unaware monsters.
Your mind is acute. (Int +2)
Your magical capacity is low (-10% MP).
You can spit weak poison.


Message History

A yak comes into view.
The crocodile completely misses you. The fire drake breathes flames at you.
The blast of flame hits you!
The porcupine is engulfed in noxious fumes.
The porcupine appears confused.
Found a runed quarterstaff.
Found a stone staircase leading down.
The porcupine is engulfed in noxious fumes.
The porcupine appears confused.
The crocodile bites you.
Something closely misses the fire drake.
The yak gores you!
* * * LOW HITPOINT WARNING * * *
Found a plain deck of cards.
An iguana comes into view.
The iguana moves out of view.
The fire drake breathes flames at you. The blast of flame misses you.
There is a stone staircase leading up here.
The yak gores you!
You die...

....... ......##.
##.......##
#.......... P....#P...
#.....P.... .}
##.......... ....#
#..@......P. ......
###P.Y...P.P..
>...#.#+#....t........
............YY........
.........k...Y........
......................
)...........<.........
......................
.................}....


You could see 4 yaks, a fire drake and a crocodile.

Vanquished Creatures
  Erica (D:8)
  A spiny frog (Lair:2)
  A komodo dragon (Lair:2)
  3 trolls (D:9)
  Prince Ribbit (D:7)
  3 hippogriffs
  4 yaks (Lair:1)
  2 water moccasins
  4 sky beasts
  4 orc warriors
  5 porcupines
  6 ogres
  A black bear (D:8)
  2 wasps (D:9)
  4 centaurs
  2 big kobolds
  2 giant frogs
  A water moccasin zombie (D:8)
  14 scorpions
  8 killer bees (D:8)
  2 electric eels (D:9)
  A giant frog zombie (D:6)
  2 crimson imps
  4 orc priests
  A centaur skeleton (D:8)
  5 hounds
  4 iguanas
  A centaur zombie (D:7)
  3 giant frog skeletons
  A jelly (D:8)
  Terence (D:3)
  Natasha (thrice) (D:4)
  3 orc wizards
  4 worker ants
  A hound skeleton (D:7)
  2 worker ant zombies
  12 gnolls
  2 shadow imps (D:6)
  19 adders
  An ooze (D:4)
  An adder skeleton (D:6)
  6 worms
  5 giant geckos
  22 orcs
  3 giant cockroaches
  8 hobgoblins
  9 jackals
  22 kobolds
  2 ball pythons
  17 bats
  3 giant newts
  9 goblins
  9 quokkas
  A quokka skeleton (D:5)
  7 rats
  A fungus (D:9)
266 creatures vanquished.

Vanquished Creatures (others)
  A killer bee (D:8)
  An orc (D:4)
  16 fungi
18 creatures vanquished.

Grand Total: 284 creatures vanquished

Notes
Turn   | Place    | Note
--------------------------------------------------------------
     0 | D:1      | dysrexia the Felid Venom Mage began the quest for the Orb.
     0 | D:1      | Reached XP level 1. HP: 7/7 MP: 4/4
   323 | D:1      | Reached XP level 2. HP: 11/11 MP: 3/6
   551 | D:1      | Reached skill level 1 in Conjurations
  1184 | D:2      | Reached XP level 3. HP: 14/14 MP: 3/7
  1253 | D:2      | Learned a level 3 spell: Mephitic Cloud
  1294 | D:2      | Found a blossoming altar of Fedhas.
  1296 | D:2      | Found a deep blue altar of Sif Muna.
  1299 | D:2      | Found an ancient bone altar of Kikubaaqudgha.
  1305 | D:2      | Found a glowing silver altar of Zin.
  1305 | D:2      | Found a shattered altar of Ashenzari.
  1565 | D:2      | Reached skill level 4 in Stealth
  1628 | D:2      | Found an iron altar of Okawaru.
  1857 | D:2      | Became a worshipper of Sif Muna the Loreminder
  2007 | D:2      | Reached XP level 4. HP: 14/18 MP: 4/8
  2346 | D:3      | Noticed Terence
  3117 | D:3      | Killed from afar by an orc priest
  3118 | D:3      | Reached XP level 3. HP: -2/14 MP: 0/7
  3148 | D:3      | Reached XP level 4. HP: 18/18 MP: 5/8
  3275 | D:3      | Killed Terence
  3716 | D:4      | Found a staircase to the Ecumenical Temple.
  3773 | D:4      | Reached XP level 5. HP: 21/21 MP: 1/9
  4101 | D:4      | Noticed an ogre
  4136 | D:4      | Killed an ogre
  4136 | D:4      | Reached skill level 5 in Stealth
  4136 | D:4      | Reached skill level 5 in Poison Magic
  4375 | D:4      | Gained mutation: You are covered in thick fur (AC +2). [Felid growth]
  4375 | D:4      | Reached XP level 6. HP: 24/24 MP: 2/10
  4464 | D:4      | Reached skill level 1 in Air Magic
  4541 | D:4      | Reached * piety under Sif Muna
  4706 | D:4      | Learned a level 5 spell: Venom Bolt
  5263 | D:4      | Noticed Natasha
  5269 | D:4      | Killed Natasha
  5269 | D:4      | Reached XP level 7. HP: 27/27 MP: 4/11
  5375 | D:4      | Noticed Natasha
  5378 | D:4      | Killed Natasha
  5495 | D:4      | Noticed Natasha
  5498 | D:4      | Killed Natasha
  6061 | D:4      | Reached skill level 6 in Stealth
  6251 | D:5      | Entered Level 5 of the Dungeon
  6359 | D:5      | Found an opulent altar of Gozag.
  7370 | D:5      | Reached ** piety under Sif Muna
  7370 | D:5      | Reached skill level 5 in Conjurations
  7874 | D:5      | Reached XP level 8. HP: 19/31 MP: 4/12
  9046 | D:6      | Reached skill level 7 in Stealth
  9103 | D:6      | Found a burning altar of Makhleb.
 10112 | D:6      | Found a shattered altar of Ashenzari.
 12003 | D:7      | Noticed Prince Ribbit
 12525 | D:7      | Reached *** piety under Sif Muna
 12639 | D:7      | Reached XP level 9. HP: 34/34 MP: 11/13
 12788 | D:7      | Killed Prince Ribbit
 13867 | D:8      | Reached skill level 5 in Dodging
 14565 | D:8      | Noticed Erica
 14604 | D:8      | Reached skill level 8 in Poison Magic
 15493 | D:8      | Reached **** piety under Sif Muna
 16342 | D:8      | Killed Erica
 16342 | D:8      | Reached XP level 10. HP: 37/37 MP: 2/15
 16588 | D:8      | Reached ***** piety under Sif Muna
 16688 | D:8      | Gained mutation: You can spit weak poison. [mutagenic meat]
 16689 | D:8      | Gained mutation: Your mind is acute. (Int +2) [mutagenic meat]
 16690 | D:8      | Gained mutation: Your magical capacity is low (-10% MP). [mutagenic meat]
 17033 | D:9      | Slain by a troll
 17034 | D:9      | Reached XP level 9. HP: -3/34 MP: 14/14
 17301 | D:9      | Reached skill level 9 in Conjurations
 17525 | D:9      | Found a staircase to the Lair.
 17833 | D:9      | Learned a level 6 spell: Poisonous Cloud
 18092 | D:8      | Reached skill level 5 in Spellcasting
 18261 | D:8      | HP: 1/34 [burnt (5)]
 20374 | D:8      | Reached XP level 10. HP: 20/37 MP: 15/17
 20647 | D:9      | Noticed a manticore
 20924 | D:9      | Found Yfewna's Assorted Antiques.
 20927 | D:9      | Bought an encrusted brass wand for 116 gold pieces
 20927 | D:9      | Bought a scroll of fog for 58 gold pieces
 20927 | D:9      | Bought a murky amethyst potion for 26 gold pieces
 21274 | D:8      | Slain by an ice beast
 21275 | D:8      | Reached XP level 9. HP: -2/34 MP: 17/17
 21519 | Lair:1   | Entered Level 1 of the Lair of Beasts
 21570 | Lair:1   | Found a frozen archway.
 21681 | Lair:1   | Reached ****** piety under Sif Muna
 21693 | Lair:1   | Noticed a spiny frog
 21786 | Lair:1   | Received a gift from Sif Muna
 21786 | Lair:1   | Reached skill level 10 in Conjurations
 21787 | Lair:1   | Identified Sif Muna's Guide on Scorching Confrontation (Sif Muna gifted it to you on level 1 of the Lair of Beasts)
 21925 | Lair:1   | Learned a level 5 spell: Lightning Bolt
 22272 | Lair:2   | Noticed a komodo dragon
 22285 | Lair:2   | Killed a komodo dragon
 22290 | Lair:2   | Noticed a spiny frog
 22291 | Lair:2   | Noticed a fire drake
 22591 | Lair:2   | Noticed a spiny frog
 22627 | Lair:2   | Killed a spiny frog
 22627 | Lair:2   | Reached XP level 10. HP: 30/37 MP: 2/18
 22643 | Lair:2   | Mangled by a yak

Action                   |  1- 3 |  4- 6 |  7- 9 | 10-12 || total
-------------------------+-------+-------+-------+-------++-------
Melee: Unarmed           |    28 |    31 |   452 |    30 ||   541
 Cast: Sting             |    82 |   161 |   598 |    53 ||   894
       Mephitic Cloud    |       |     6 |    40 |     3 ||    49
       Venom Bolt        |       |       |    14 |     5 ||    19
       Lightning Bolt    |       |       |     6 |       ||     6
Evoke: Wand              |       |       |     1 |     3 ||     4
  Use: Scroll            |     8 |     4 |     3 |     4 ||    19
       Potion            |     1 |       |     9 |       ||    10
 Stab: Sleeping          |     1 |     1 |     2 |       ||     4
       Confused          |       |     2 |     2 |       ||     4
       Distracted        |       |       |     3 |       ||     3
  Eat: Chunk             |    11 |    13 |    37 |    10 ||    71
       Meat ration       |       |       |     1 |       ||     1
